 Dungeon Crawl Stone Soup version 0.29.1-15-g9cfb28693d (webtiles) character file.

Game seed: 248833464803076448

29 protoss039 the Digger (level 3, 26/26 HPs)
             Began as a Demonspawn Earth Elementalist on Mar 26, 2023.
             Got out of the dungeon alive.
             The game lasted 00:01:20 (1088 turns).

protoss039 the Digger (DsEE)                        Turns: 1088, Time: 00:01:20

Health: 26/26      AC:  3    Str:  8    XL:     3   Next: 1%
Magic:  6/6        EV: 12    Int: 18    God:
Gold:   67         SH:  0    Dex: 19    Spells: 5/6 levels left

rFire   + . .      SeeInvis .   h - +0 dagger
rCold   + . .      Faith    .   (no shield)
rNeg    . . .      Spirit   .   g - +0 leather armour
rPois   .          Reflect  .   (helmet restricted)
rElec   .          Harm     .   m - scarf {rC+ rF+}
rCorr   .          Rampage  .   (no gloves)
Will    .....                   (no boots)
Stlth   ++........              (no amulet)
HPRegen 0.08/turn               c - +6 ring of dexterity
MPRegen 0.10/turn               (no ring)

@: no status effects
A: antennae 1, powered by pain 1
a: no special abilities


You escaped.
You visited 1 branch of the dungeon, and saw 2 of its levels.

You collected 67 gold pieces.

Inventory:

Hand Weapons
 h - a +0 dagger (weapon)
Armour
 g - a +0 leather armour (worn)
 m - a scarf of resistance (worn)
 n - a +0 ring mail
Jewellery
 c - a +6 ring of dexterity (left hand)
Scrolls
 d - a scroll of noise {unknown}
 i - a scroll of blinking {unknown}
 j - a scroll of teleportation {unknown}
 k - a scroll of identify {unknown}
Potions
 a - a potion of lignification {unknown}
 b - a potion of magic
 e - a potion of might {unknown}
 f - a potion of heal wounds {unknown}
 l - 2 potions of degeneration {unknown}
 o - a potion of curing {unknown}
 p - a potion of flight {unknown}


   Skills:
 + Level 1.2 Fighting
 * Level 0.5 Armour
 - Level 1.7 Dodging
 - Level 1.7 Stealth
 + Level 2.4 Spellcasting
 - Level 0.8 Transmutations
 + Level 3.0 Earth Magic


You had 5 spell levels left.
You knew the following spells:

 Your Spells              Type           Power      Damage    Failure   Level
a - Sandblast             Erth           26%        2d8       7%          1

Your spell library contained the following spells:

 Spells                   Type           Power      Damage    Failure   Level
 Passwall                 Tmut/Erth      7%         N/A       16%         2
 Stone Arrow              Conj/Erth      14%        3d7       36%         3
 Petrify                  Tmut/Erth      9%         N/A       71%         4


Dungeon Overview and Level Annotations

Branches:
Dungeon (2/15) Zot: 10900

Altars:


Innate Abilities, Weirdness & Mutations

You have a pair of small antennae on your head.
You sometimes gain a little power by taking damage.


Message History

Confirm with . or Enter, or press ? or * to list all spells.
Aiming: Sandblast (safe; 8% risk of failure)
Press: ? - help, Shift-Dir - straight line, f - kobold
Aim: a kobold, wielding a +0 short sword and quivering stones (77% to hit)
The blast of sand hits the kobold.
The kobold is severely wounded.
Unknown command.
Casting: Sandblast (safe; 8% risk of failure)
Confirm with . or Enter, or press ? or * to list all spells.
Aiming: Sandblast (safe; 8% risk of failure)
Press: ? - help, Shift-Dir - straight line, f/p - kobold
Aim: a kobold, wielding a +0 short sword and quivering stones (severely wounded, 77% to hit)
The blast of sand hits the kobold.
You kill the kobold!
The goblin closely misses you.
Casting: Sandblast (safe; 8% risk of failure)
Confirm with . or Enter, or press ? or * to list all spells.
Aiming: Sandblast (safe; 8% risk of failure)
Press: ? - help, Shift-Dir - straight line, f - goblin
Aim: a goblin, wielding a +0 club (77% to hit)
The blast of sand hits the goblin!
You kill the goblin!
You have reached level 3!
Your experience leads to an increase in your attributes!
Your base attributes are Str 8, Int 16, Dex 13.
Increase (S)trength, (I)ntelligence, or (D)exterity?
You feel clever. x2; Your demonic ancestry asserts itself...
A pair of antennae grows on your head!
Unknown command.
There is a stone staircase leading up here.
You climb upwards.
There is a stone staircase leading down here.
Unknown command.
There is an open door here.
There is an open door here.
There is an open door here.
There is a large open door here.
There is a staircase leading out of the dungeon here.
Are you sure you want to leave the Dungeon?
This will make you lose the game!
You have escaped!

##### ....# ....# ....#
########## ....# ##........#
....# #####..######.# ....#
#...#..#...##.#
#...####...#..#...##.##########
#.#....#...'..'.@.#.....#.....##
#.#....#...#..'...#............##
#......#...####...#.............#
#......##'######++#.............#
..........##..##................#
#...............................#
...(......##..##................#
.......##'######'##.............#
.......#...####...#............##


There were no monsters in sight!

Vanquished Creatures
  2 dart slugs
  A ball python (D:1)
  2 bats (D:1)
  3 endoplasms
  4 goblins
  3 hobgoblins
  4 kobolds
  A rat (D:2)
20 creatures vanquished.

Notes
Turn   | Place    | Note
-------+----------+-------------------------------------------
     0 | D:1      | protoss039 the Demonspawn Earth Elementalist began the
                  | quest for the Orb.
     0 | D:1      | Reached XP level 1. HP: 13/13 MP: 3/3
   358 | D:1      | Gained mutation: You sometimes gain a little power by
                  | taking damage. [demonic ancestry]
   358 | D:1      | Reached XP level 2. HP: 20/20 MP: 3/5
   508 | D:1      | Found a faded altar of an unknown god.
   514 | D:1      | Reached skill level 1 in Fighting
   514 | D:1      | Reached skill level 3 in Earth Magic
  1004 | D:2      | Gained mutation: You have a pair of small antennae on your
                  | head. [demonic ancestry]
  1004 | D:2      | Reached XP level 3. HP: 26/26 MP: 1/6
  1088 | D:$      | Got out of the dungeon alive.

Illustrated notes

Levels and vault maps discovered:
D:1:      dpeg_arrival_houses_and_road, layout_rooms,
          hellmonk_ecumenical_altar_run_dry
D:2:      wad_river_or_something, layout_loops_ring, serial_shops, shop,
          uniq_terence

Skill      XL: |  1  2 |
---------------+-------+-----
Fighting       | 1 |  1.2
Earth Magic    | 3 |  3.0
Armour         | |  0.5
Dodging        | |  1.7
Stealth        | |  1.7
Spellcasting   | |  2.4
Transmutations | |  0.8

Action                   || total
-------------------------++-------
Melee: Dagger            ||     1
 Cast: Sandblast         ||    25
Armor: Leather armour    ||     1
Dodge: Dodged            ||     3
